 Dungeon Crawl Stone Soup version 0.31.0-32-g396128a36d (webtiles) character file.

Game seed: 13684611226970362602

508 RKaid the Ruffian (level 7, 0/46 HPs)
             Began as an Octopode Shapeshifter on Mar 13, 2024.
             Killed by divine providence
             ... invoked by an orc priest
              (12 damage)
             ... on level 5 of the Dungeon.
             The game lasted 00:05:59 (2805 turns).

RKaid the Ruffian (Octopode Shapeshifter)           Turns: 2805, Time: 00:05:59

Health: 0/46       AC:  8    Str: 15    XL:     7   Next: 18%
Magic:  7/7        EV: 14    Int: 12    God:
Gold:   186        SH:  0    Dex: 12    Spells: 6/6 levels left

rFire   . . .        h - +1 dagger (protect)
rCold   + . .        (no shield)
rNeg    . . .        (helmet currently unavailable)
rPois   .            (no amulet)
rElec   .            o - ring of protection from cold {rC+}
rCorr   .            (no ring)
SInv    .            (no ring)
Will    .....        (no ring)
Stlth   ++           (no ring)
HPRegen 0.27/turn    (no ring)
MPRegen 0.10/turn    (no ring)
                     (no ring)

%: no passive effects
@: beast-form, under a protective aura
A: beast (slay +2), almost no armour, amphibious, 8 rings, camouflage 1,
gelatinous body 1, (nimble swimmer 1), tentacles
a: Begin Untransformation


You were on level 5 of the Dungeon.
You were a hulking beast.
You visited 1 branch of the dungeon, and saw 5 of its levels.

You collected 186 gold pieces.

Inventory:

Hand Weapons
 h - a +1 dagger of protection (weapon)
   (You took it off a goblin on level 2 of the Dungeon)
Missiles
 n - a throwing net {=f}
Magical Staves
 i - a staff of death {rN+}
   (You found it on level 5 of the Dungeon)
Jewellery
 o - a ring of protection from cold (left tentacle) {rC+}
   (You found it on level 5 of the Dungeon)
Talismans
 b - a beast talisman
 l - a flux talisman
Scrolls
 d - a scroll of blinking {unknown}
 e - a scroll of revelation {unknown}
 g - a scroll of poison {unknown}
 j - a scroll of enchant armour {unknown}
 k - a scroll of fear {unknown}
Potions
 a - a potion of lignification {!q}
 f - a potion of berserk rage {!q}
 m - a potion of attraction {!q}


   Skills:
 + Level 3.2 Fighting
 + Level 3.6 Dodging
 * Level 5.6 Unarmed Combat
 + Level 4.2 Shapeshifting


You had 6 spell levels left.
You didn't know any spells.
Your spell library contained the following spells:

 Spells                   Type           Power      Damage    Failure   Level
 Freeze                   Ice            0%         1d3       32%         1
 Static Discharge         Conj/Air       0%         3-3/arc   45%         2
 Frozen Ramparts          Ice            0%         1d1       69%         3
 Hailstorm                Conj/Ice       0%         3d5       69%         3
 Ozocubu's Armour         Ice            0%         N/A       69%         3
 Airstrike                Air            0%         2d(0-16)  97%         4
 Summon Lightning Spire   Summ/Air       0%         N/A       97%         4
 Metabolic Englaciation   Hex/Ice        0%         N/A       100%        5
 Sculpt Simulacrum        Ice/Alch       0%         N/A       100%        6


Dungeon Overview and Level Annotations

Branches:
Dungeon (6/15)
 Temple: D:4-7

Altars:
Okawaru

Annotations:
D:2 1 runed translucent door, Crazy Yiuf


Innate Abilities, Weirdness & Mutations

You are a hulking beast.
Your limbs bulge with bestial killing power. (Slay +2)
You cannot wear most types of armour.
You are amphibious.
You can wear up to eight rings at the same time.
Your skin changes colour to match your surroundings (Stealth+).
Your rubbery body absorbs attacks. (AC +1, EV +1)
((You are camouflaged when in or above water. (Stealth+)))
You have tentacles for arms and can constrict up to eight enemies at once.


Message History

The orc hits you from afar with a +0 trident.
You hit the orc but do no damage. You grab the orc. You constrict the orc.
The orc barely misses you.
You hit the orc. You constrict the orc.
You kill the orc!
An orc priest comes into view. It is wielding a +0 mace.
You are too injured to fight recklessly!
You barely miss the orc wizard.
The orc priest shouts!
Your grab misses the orc wizard.
The orc priest begins to cast a cantrip, but forgets the words!
The orc wizard completely misses you.
You completely miss the orc wizard. Your grab misses the orc wizard.
The orc barely misses you.
You hit the orc wizard. Your grab misses the orc wizard.
An orc comes into view. It is wielding a +0 dagger.
The orc wizard completely misses you. The orc hits you but does no damage.
The orc shouts!
You hit the orc wizard. Your grab misses the orc wizard.
Your squeeze misses the orc wizard. The orc wizard barely misses you.
The orc hits you but does no damage.
You closely miss the orc wizard. Your grab misses the orc wizard.
The orc wizard barely misses you. The orc hits you but does no damage.
You barely miss the orc wizard. You grab the orc wizard.
You tentacle-slap the orc wizard, but do no damage.
You constrict the orc wizard.
A wight comes into view. It is wielding a +2 short sword.
The orc wizard closely misses you.
The orc throws a boomerang.
The boomerang barely misses you. The orc barely misses you.
You hit the orc wizard but do no damage.
You constrict the orc wizard.
The orc wizard hits you but does no damage.
You are poisoned.
The orc hits you from afar with a +0 trident.
You hit the orc wizard but do no damage.
You constrict the orc wizard.
You feel very sick. Something hits you.
A wight comes into view. It is wielding a +0 dire flail.
The orc wizard hits you but does no damage.
You are lethally poisoned!
The orc barely misses you.
You hit the orc wizard but do no damage.
You constrict the orc wizard.
You kill the orc wizard!
* * * LOW HITPOINT WARNING * * *
You feel very sick. Something hits you but does no damage. The orc misses you.
You feel better.
You hear some strange, mumbled words.
Something tries to affect you, but you resist.
The orc hits you but does no damage. Something hits you but does no damage.
The orc throws a boomerang.
The boomerang barely misses you.
The orc throws a boomerang.
The boomerang barely misses you.
An orc wizard appears from thin air!
Reactivating autopickup.
The orc throws a boomerang.
The boomerang barely misses you.
There is an open door here.
You hit the orc wizard but do no damage.
Your weapon exudes an aura of protection.
Your grab misses the orc wizard. You tentacle-slap the orc wizard.
The orc wizard hits you but does no damage.
You hit the orc wizard. You grab the orc wizard.
Your squeeze misses the orc wizard. You constrict the orc wizard.
The orc wizard struggles to escape constriction.
The orc hits you but does no damage.
You release your grip on the orc wizard.
The orc wizard points at you and mumbles some strange words.
You are confused.
You are too injured to fight recklessly!
You are too injured to fight recklessly!
The orc wizard gestures at you while chanting.
You resist with some effort. The orc hits you but does no damage.
You hit the orc wizard but do no damage.
The orc hits you from afar with a +0 trident.
The orc wizard points at you and mumbles some strange words.
You resist with some effort.
The orc priest calls upon Beogh to heal the orc wizard.
The orc wizard is healed somewhat.
The orc wizard hits you with a +0 dagger.
You bump into the rock wall.
The orc priest hits you with a +0 mace.
* * * LOW HITPOINT WARNING * * *
The orc wizard points at you and mumbles some strange words.
The puff of flame misses you.
You feel less confused.
The orc priest attacks as it pursues you!
The orc priest closely misses you.
The orc wizard attacks as it pursues you!
The orc wizard hits you with a +0 dagger.
* * * LOW HITPOINT WARNING * * *
You hit the orc priest.
Your weapon exudes an aura of protection.
You grab the orc priest.
You tentacle-slap the orc priest, but do no damage.
You squeeze the orc priest.
You constrict the orc priest, but do no damage.
The orc priest mumbles some strange prayers to Beogh against you.
Beogh smites you!
You die...

... ..........#......#...... ....
..........#......#...... ....
..........#......#...... #....
#######..##......#######
#....######.####..##############.
.........#.....)...............#.
<...=...z)zz...................#.
#....##..##...######.......##+##.
#... #..##..o##h.##..######.....
... #........#oo##..#....>.....
<.....'.......zz..#...#..........
. ....#.......o#..'...#.........)
....###'####.###.###+#.........#
.... .... #.###.###.##....#'###
... #.... #..#.......#....#.).>
.. #.... #..#.......#.)..#....
#... #..#..)....#....#....


You could see a wight, an orc priest, an orc wizard and an orc.

Vanquished Creatures
  Sigmund (D:2)
  A scorpion (D:5)
  A jelly (D:6)
  An orc priest (D:5)
  2 orc wizards
  An adder (D:5)
  8 gnolls
  A dart slug (D:2)
  18 orcs
  6 endoplasms
  2 giant cockroaches
  5 goblins
  4 hobgoblins
  3 jackals (D:2)
  8 kobolds
  A quokka (D:2)
  8 ball pythons
  A bat (D:1)
  3 frilled lizards
  6 rats
81 creatures vanquished.

Notes
Turn   | Place    | Note
-------+----------+-------------------------------------------
     0 | D:1      | RKaid the Octopode Shapeshifter began the quest for the
                  | Orb.
     0 | D:1      | Reached XP level 1. HP: 13/13 MP: 1/1
   186 | D:1      | Reached XP level 2. HP: 18/18 MP: 2/2
   745 | D:2      | Reached XP level 3. HP: 23/23 MP: 3/3
   753 | D:2      | Noticed Sigmund
   761 | D:2      | HP: 3/23 [Sigmund/puff of flame (7)]
   764 | D:2      | Killed Sigmund
   765 | D:2      | Reached skill level 2 in Fighting
   765 | D:2      | Reached skill level 3 in Dodging
   765 | D:2      | Reached skill level 4 in Unarmed Combat
   765 | D:2      | Reached XP level 4. HP: 4/30 MP: 4/4
   765 | D:2      | Reached XP level 5. HP: 5/35 MP: 5/5
  1575 | D:2      | Found a runed translucent door.
  1576 | D:2      | Noticed Crazy Yiuf
  1713 | D:3      | Reached XP level 6. HP: 38/41 MP: 6/6
  1969 | D:3      | You fall into a shaft and drop 3 floors!
  2078 | D:6      | Reached skill level 5 in Unarmed Combat
  2166 | D:5      | Entered Level 5 of the Dungeon
  2344 | D:5      | Found an iron altar of Okawaru.
  2552 | D:5      | Reached skill level 4 in Shapeshifting
  2626 | D:5      | Reached skill level 3 in Fighting
  2626 | D:5      | Reached XP level 7. HP: 42/46 MP: 7/7
  2804 | D:5      | HP: 11/46 [orc wizard/+0 dagger (2)]
  2805 | D:5      | Killed from afar by an orc priest

Illustrated notes

Levels and vault maps discovered:
D:1:      matt_arrival_spirals, layout_basic, serial_forest,
          infiniplex_forest_lined_room_3, infiniplex_forest_clump_medium,
          infiniplex_forest_lined_corner, infiniplex_forest_lined_2,
          infiniplex_forest_lined_2, infiniplex_forest_clump_cross,
          infiniplex_forest_lined_2, minmay_misc_feat_alley
D:2:      layout_loops_corners, uniq_sigmund, uniq_crazy_yiuf_cottage
D:3:      layout_rooms, grunt_decor_resistance, serial_bayou_pond_b,
          serial_park_tiny_1, minmay_unequal
D:5:      layout_gridville, nicolae_overflow_squiral, minmay_chambers_of_fives
D:6:      layout_basic, minmay_temple_entry_poolview, uniq_pikel, uniq_eustachio

Skill      XL: |  1  2  3  4  5  6 |
---------------+-------------------+-----
Fighting       | 2 3 |  3.2
Dodging        | 3 |  3.6
Unarmed Combat | 4 5 |  5.6
Shapeshifting  | 4 |  4.2

Action                     |  1- 3 |  4- 6 |  7- 9 || total
---------------------------+-------+-------+-------++-------
  Melee: Unarmed           |    44 |    22 |       ||    66
         Constrict         |    10 |    28 |     8 ||    46
         Tentacles         |     8 |    25 |     6 ||    39
         Punch             |     1 |     6 |     3 ||    10
         Dagger            |       |    80 |    28 ||   108
    Use: Scroll            |       |     3 |       ||     3
         Potion            |       |       |     1 ||     1
   Stab: Sleeping          |     5 |     7 |       ||    12
 Armour: Skin              |    11 |    47 |    29 ||    87
  Dodge: Dodged            |    22 |    73 |    30 ||   125

Table legend: (Time is in decaauts)
 A = Elapsed time spent in this place.
 B = Non-inter-level travel time spent in this place.
 C = Inter-level travel time spent in this place.
 D = Time resting spent in this place.
 E = Time spent auto-exploring this place.
 F = Levels seen in this place.
 G = Mean time per level.
                   A        B        C        D        E       F      G
               +--------+--------+--------+--------+--------+-----+--------+
         Total |   2798 |   2689 |    109 |    527 |   1499 |   5 |  559.6 |
       Dungeon |   2798 |   2689 |    109 |    527 |   1499 |   5 |  559.6 |
               +--------+--------+--------+--------+--------+-----+--------+

Top non-repeatable levels by time:
     D:2: 1183 daAuts
     D:5: 638 daAuts
     D:1: 617 daAuts
     D:6: 196 daAuts
     D:3: 162 daAuts

Table legend:
 A = Kills in this place as a percentage of kills in the entire game.
 B = Kills by you in this place as a percentage of kills by you in the entire game.
 C = Kills by friends in this place as a percentage of kills by friends in the entire game.
 D = Other kills in this place as a percentage of other kills in the entire game.
 E = Experience gained in this place as a percentage of experience gained in the entire game.
 F = Experience gained in this place divided by the number of levels of this place that you have seen.
                   A       B       C       D       E      F
               +-------+-------+-------+-------+-------+----------------------
         Total | 100.0 | 100.0 |   N/A |   N/A | 100.0 | 145.4
       Dungeon | 100.0 | 100.0 |   N/A |   N/A | 100.0 | 145.4
               +-------+-------+-------+-------+-------+----------------------
